Map: Base du roi Sejong EC

Players

zidar

  • Race: Zerg Zerg
  • League: Gold
  • Spawn Location: 11:00

Borntokill - Winner!

  • Race: Protoss Protoss
  • League: Gold
  • Spawn Location: 5:00

VOD

Have the link to the VOD?

Description

Time

  • Played on: June 14, 2016, 11:53 a.m.
  • Length: 16:47
Show
View Real Time Build Order
Export as new Build Order

zidar Zerg 

Build Orders: Pool First 

Get SALT Encoding   

  12  0:02  Drone  
  13  0:12  Overlord  
  13  0:17  Drone  
  14  0:30  Drone x2  
  14  0:34  Drone  
  17  0:47  Spawning Pool  
  16  1:13  Hatchery  
  16  1:14  Drone  
  16  1:17  Extractor  
  15  1:20  Drone  
  16  1:33  Drone  
  16  1:36  Queen  
  19  1:46  Drone  
  20  1:47  Drone  
  21  2:01  Overlord  
  21  2:09  Extractor  
  21  2:12  Queen  
  23  2:36  Roach Warren, Drone x4  
  26  2:41  Metabolic Boost  
  26  2:47  Extractor  
  26  2:48  Drone  
  25  2:59  Zergling x6  
  25  3:00  Zergling x2  
  29  3:20  Drone x4  
  29  3:24  Drone x2  
  33  3:52  Drone x3  
  36  3:56  Overlord x4  
  32  4:42  Drone x4  
  32  4:43  Drone x6  
  42  4:47  Extractor  
  42  4:48  Extractor  
  42  4:51  Lair  
  40  4:59  Queen  
  42  5:04  Drone x4  
  42  5:06  Hatchery  
  45  5:25  Evolution Chamber  
  45  5:28  Evolution Chamber, Drone  
  43  5:29  Drone x3  
  43  5:32  Drone  
  43  5:33  Drone  
  49  5:53  Roach  
  49  5:54  Roach x8  
  49  5:56  Overlord  
  67  6:09  Hydralisk Den  
  67  6:11  Zerg Ground Armor Level 1  
  66  6:12  Zerg Missile Weapons Level 1  
  66  6:25  Roach x7  
  80  6:26  Roach  
  82  6:39  Overlord  
  82  6:40  Overlord x2  
  82  6:51  Muscular Augments  
  82  6:56  Overseer  
  82  7:08  Hydralisk  
  82  7:09  Hydralisk x6  
  76  7:59  Queen  
  76  8:02  Drone  
  76  8:03  Drone x12  
  76  8:04  Drone x3  
  94  8:09  Overlord x3  
  94  8:10  Overlord  
  94  8:13  Hydralisk x5  
  104  8:35  Pneumatized Carapace  
  104  8:39  Zerg Missile Weapons Level 2  
  104  8:40  Zerg Melee Weapons Level 1  
  104  8:44  Hydralisk x5  
  104  8:46  Zergling x2  
  115  8:49  Zergling x4  
  115  8:50  Zergling x4  
  115  8:52  Hatchery, Zergling x2  
  119  9:07  Hydralisk x5  
  119  9:08  Zergling x2  
  130  9:15  Overlord  
  130  9:16  Overlord x2  
  130  9:46  Hydralisk x8  
  130  9:47  Zergling x2  
  106  10:28  Hatchery  
  106  10:34  Hydralisk  
  106  10:35  Hydralisk x5  
  117  10:49  Zergling x4  
  119  11:04  Zergling x4  
  88  11:46  Hydralisk x3  
  88  11:47  Hydralisk x11  
  90  11:55  Queen  
  92  12:02  Hydralisk x6  
  104  12:19  Hydralisk  
  104  12:20  Hydralisk x8  
  122  12:26  Hydralisk  
  122  12:27  Hydralisk  
  126  12:31  Hatchery  
  126  12:34  Overlord  
  125  12:52  Zergling x18  
  125  12:53  Zergling x2  
  125  12:55  Zerg Melee Weapons Level 2  
  125  12:56  Zerg Ground Armor Level 2  
  133  13:01  Hatchery  
  132  13:19  Zergling x4  
  138  13:20  Zergling x20  
  144  13:36  Zergling x2  
  144  13:37  Zergling x6  
  66  14:19  Roach x6  
  66  14:20  Roach x10  
  61  15:02  Hydralisk  
  61  15:03  Hydralisk x7  
  77  15:22  Hydralisk x3  
  57  16:00  Hydralisk x4  
  65  16:32  Hatchery  
Show
View Real Time Build Order
Export as new Build Order

Borntokill Protoss - Winner!

Build Orders: 1 Gate Expand, Zealot Archon 

Get SALT Encoding   

  12  0:01  Probe (Chrono Boost)  
  13  0:11  Probe (Chrono Boost)  
  14  0:20  Pylon  
  14  0:22  Probe (Chrono Boost)  
  15  0:38  Probe (Chrono Boost)  
  15  0:41  Gateway  
  16  0:49  Assimilator  
  17  0:50  Probe (Chrono Boost)  
  17  1:01  Probe (Chrono Boost)  
  18  1:21  Nexus  
  18  1:37  Cybernetics Core  
  18  1:43  Probe (Chrono Boost), Pylon  
  19  1:54  Probe (Chrono Boost)  
  20  2:00  Gateway  
  20  2:15  Adept  
  22  2:18  Warp Gate (Chrono Boost)  
  22  2:19  Assimilator  
  22  2:21  Probe  
  23  2:34  Gateway  
  23  2:36  Probe  
  23  2:37  Probe  
  25  2:47  Zealot  
  27  2:53  Probe  
  27  2:54  Probe  
  29  3:03  Probe  
  30  3:06  Twilight Council  
  30  3:08  Probe  
  31  3:14  Probe  
  32  3:20  Probe  
  31  3:41  Probe  
  31  3:43  Probe  
  31  3:47  Charge, Pylon  
  31  3:48  Zealot  
  35  3:51  Mothership Core  
  37  4:11  Probe  
  37  4:12  Adept  
  37  4:16  Adept  
  42  4:21  Pylon  
  42  4:23  Forge  
  42  4:29  Pylon  
  42  4:37  Adept x2  
  46  4:39  Probe  
  47  4:47  Protoss Ground Weapons Level 1 (Chrono Boost)  
  47  4:52  Probe  
  47  4:53  Probe  
  47  4:54  Pylon  
  47  4:55  Assimilator  
  49  5:05  Probe, Zealot x2  
  49  5:06  Zealot  
  56  5:15  Templar Archives  
  56  5:17  Probe (Chrono Boost)  
  56  5:18  Probe (Chrono Boost)  
  58  5:29  Probe (Chrono Boost)  
  58  5:31  Probe (Chrono Boost)  
  58  5:34  Zealot x3  
  66  5:39  Pylon  
  66  5:43  Gateway  
  66  5:55  Photon Cannon  
  66  5:56  Pylon  
  66  5:58  High Templar x2  
  66  5:59  Zealot  
  66  6:04  Assimilator  
  72  6:06  Archon  
  72  6:10  Probe (Chrono Boost)  
  74  6:12  Probe (Chrono Boost)  
  74  6:21  Gateway  
  76  6:25  Probe (Chrono Boost)  
  76  6:27  Probe (Chrono Boost)  
  76  6:32  Gateway  
  76  6:33  Gateway, Protoss Ground Weapons Level 2  
  76  6:35  High Templar x2  
  76  6:37  Zealot  
  82  6:44  Robotics Facility  
  82  6:48  Archon  
  82  6:55  Gateway  
  82  7:08  Stalker x2  
  84  7:09  Zealot x2  
  90  7:32  Observer  
  69  7:53  Immortal  
  71  7:58  Adept x2  
  71  7:59  Adept x5  
  71  8:05  Resonating Glaives (Chrono Boost)  
  85  8:06  Psionic Storm  
  85  8:11  Probe  
  85  8:12  Probe  
  87  8:16  Nexus  
  87  8:19  Pylon  
  87  8:20  Sentry x2  
  87  8:24  Adept  
  93  8:33  Pylon  
  93  8:36  Pylon  
  93  8:50  Protoss Ground Armor Level 1  
  93  8:52  Gateway  
  93  8:56  Gateway  
  93  9:07  Adept x6  
  93  9:08  Adept  
  107  9:21  Probe  
  107  9:22  Probe  
  109  9:27  Photon Cannon  
  109  9:29  Probe  
  109  9:31  Probe, Photon Cannon  
  110  9:36  Zealot  
  110  9:37  Zealot  
  115  9:43  Zealot x2  
  85  10:07  Adept x3  
  85  10:08  Adept x5  
  53  10:24  Probe  
  53  10:25  Probe  
  55  10:34  High Templar x2  
  55  10:35  High Templar x2  
  61  10:37  Zealot x4  
  61  10:39  High Templar  
  71  10:43  Archon x2  
  71  10:52  Assimilator  
  71  10:56  Assimilator  
  71  11:00  Pylon  
  71  11:05  High Templar x2  
  71  11:06  Zealot x2  
  79  11:12  Stalker x2  
  79  11:13  Stalker x2  
  79  11:17  Protoss Ground Weapons Level 3 (Chrono Boost)  
  87  11:22  Forge  
  87  11:27  Pylon  
  87  11:29  Pylon  
  79  11:41  Adept x3  
  79  11:42  Adept x3  
  71  12:03  High Templar x2  
  71  12:05  Adept x2  
  71  12:06  Adept, Zealot x2  
  71  12:07  Zealot  
  87  12:14  Archon  
  87  12:17  Observer  
  88  12:33  Assimilator  
  88  12:35  Protoss Ground Armor Level 2 (Chrono Boost), Pylon  
  88  12:38  Photon Cannon  
  88  12:39  Probe  
  88  12:40  Probe  
  88  12:43  Adept x3  
  88  12:44  Adept x2, Zealot  
  98  12:45  Zealot  
  104  12:57  Mothership Core  
  106  13:05  High Templar  
  106  13:06  High Templar  
  106  13:08  Adept x2  
  106  13:09  Adept x2  
  106  13:10  Zealot x2  
  122  13:20  Probe  
  122  13:21  Probe, Pylon  
  122  13:22  Pylon  
  124  13:31  Observer  
  125  13:40  Nexus  
  125  13:42  Gateway  
  125  13:47  Adept x2  
  99  14:37  Stalker x2  
  99  14:38  Stalker x3  
  99  15:01  Stalker  
  99  15:02  Stalker x5  
  99  15:03  Stalker x2  
  109  15:16  Assimilator  
  107  15:22  Assimilator  
  107  15:32  Warp Prism, Pylon  
  81  15:51  Adept x5  
  81  15:52  Adept x4  
  89  16:15  Adept x5  
  89  16:16  Adept x4  
Tags
 
Add a new tag
Caveats
  • Supply blocks, unpowered buildings, or Contaminate may cause inaccurate times.
  • Supply counts are checked every 10 seconds.